 Dungeon Crawl Stone Soup version 0.23.2-33-g5129a83184 (webtiles) character file.

Game seed: 12648721336746586777

58 Kold the Insei (level 4, -4/28 HPs)
             Began as an Octopode Transmuter on July 20, 2019.
             Slain by a gnoll
             ... wielding a +0 club
              (7 damage)
             ... on level 3 of the Dungeon.
             The game lasted 00:02:51 (2308 turns).

Kold the Insei (Octopode Transmuter)                Turns: 2308, Time: 00:02:52

Health: -4/28      AC:  1    Str: 10    XL:     4   Next: 1%
Magic:  7/7        EV: 13    Int: 15    God:
Gold:   146        SH:  0    Dex: 12    Spells: 6/7 levels left

rFire    . . .     SeeInvis .     - Unarmed
rCold    . . .     Gourm    .   (no shield)
rNeg     + . .     Faith    .   (helmet restricted)
rPois    .         Spirit   .   (no amulet)
rElec    .         Reflect  .   p - ring of positive energy
rCorr    .         Harm     .   (no ring)
MR       .....                  (no ring)
Stlth    +++.......             (no ring)
HPRegen  0.09/turn              (no ring)
MPRegen  0.10/turn              (no ring)
                                (no ring)
                                (no ring)

@: appendage (expiring)
A: almost no armour, stealthy swim, amphibious, 8 rings, constrict 8, tentacle
spike 3, camouflage 1, gelatinous body 1
a: End Transformation


You were on level 3 of the Dungeon.
You were not hungry.
One of your tentacles had a temporary spike.
You visited 1 branch of the dungeon, and saw 3 of its levels.

You collected 146 gold pieces.

Inventory:

Missiles
 a - 77 arrows
Jewellery
 i - an uncursed ring of fire
 p - a ring of positive energy (left tentacle)
Scrolls
 b - a scroll of magic mapping {unknown}
 d - a scroll of identify
 l - a scroll of enchant weapon {unknown}
 r - a scroll of noise {unknown}
Potions
 f - a potion of magic
 g - a potion of curing {unknown}
 h - a potion of resistance {unknown}
 j - 2 potions of degeneration {unknown}
 k - 2 potions of ambrosia {unknown}
 m - a potion of brilliance {unknown}
 o - 3 potions of heal wounds {unknown}
Comestibles
 c - 4 rations


   Skills:
 - Level 1.0 Fighting
 + Level 2.5 Dodging
 + Level 2.0 Stealth
 + Level 3.3 Unarmed Combat
 + Level 2.4 Spellcasting
 + Level 2.5 Transmutations


You had 6 spell levels left.
You knew the following spells:

 Your Spells              Type           Power        Failure   Level  Hunger
a - Beastly Appendage     Tmut           #.....       8%          1    #......

Your spell library contained the following spells:

 Spells                   Type           Power        Failure   Level  Hunger
 Sticks to Snakes         Tmut           #.......     11%         2    ###....
 Spider Form              Tmut/Pois      #.........   36%         3    ###....
 Ice Form                 Ice/Tmut       #.......     77%         4    #####..
 Blade Hands              Tmut           #.........   90%         5    ######.


Dungeon Overview and Level Annotations

Branches:
Dungeon (3/15)

Altars:
Uskayaw


Innate Abilities, Weirdness & Mutations

You cannot wear most types of armour.
You are very stealthy in the water. (Stealth+)
You are amphibious.
You can wear up to eight rings at the same time.
You can use your tentacles to constrict eight enemies at once.
Your skin changes colour to match your surroundings (Stealth+).
Your rubbery body absorbs attacks. (AC +1, EV +1)
One of your tentacles bears a large vicious spike.


Message History

* * * LOW HITPOINT WARNING * * *
There is an open door here.
You tentacle-slap the gnoll. Your grab misses the gnoll.
The gnoll is lightly wounded.
Your transformation is almost over.
The gnoll barely misses you.
As you read the scroll labeled TUNWOTT XIH DELL, it crumbles to dust.
It is a scroll of amnesia.
Okay, then.
The gnoll closely misses you.
As you read the scroll labeled PIOCAD ZICKYI, it crumbles to dust.
It is a scroll of enchant armour.
You aren't carrying any armour which can be enchanted further.
As you read the scroll labeled KORUMY WOGELA, it crumbles to dust.
It is a scroll of identify.
f - a potion of magic
As you read the scroll labeled BIPOXK HUIWETU, it crumbles to dust.
The creatures around you are filled with an inner flame!
It was a scroll of immolation.
The gnoll hits you with a +0 club!
You die...

.###...### #.#.#..
...............#
#.#.#..
...............#
#.#.#..
...............#
#.#.#..
...............#
#.#.#..
.......#####...#
#.#.... ......## #...#
#.#....
##...####...#####.#...#
#....g@.'...'..........
#...g####...#####.#####
#....# ##### #......
#....# ###############
#g...# #..............
#....# #.#############
#..g.# #.#
#+#######.###
.......#.#.# #######


You could see 3 gnolls.

Vanquished Creatures
  An adder (D:2)
  An ooze (D:1)
  A dart slug (D:1)
  3 leopard geckos
  An orc (D:3)
  6 bats
  A giant cockroach (D:2)
  5 goblins
  4 hobgoblins
  6 kobolds
  A quokka (D:3)
  4 frilled lizards (D:2)
  4 rats
38 creatures vanquished.

Notes
Turn   | Place    | Note
-------+----------+-------------------------------------------
     0 | D:1      | Kold the Octopode Transmuter began the quest for the Orb.
     0 | D:1      | Reached XP level 1. HP: 13/13 MP: 3/3
   110 | D:1      | Reached XP level 2. HP: 13/18 MP: 3/5
   342 | D:1      | Reached skill level 1 in Stealth
   553 | D:1      | Reached XP level 3. HP: 19/23 MP: 4/6
  1535 | D:2      | Found a hide-covered altar of Uskayaw.
  1859 | D:3      | Reached XP level 4. HP: 22/28 MP: 5/7
  2308 | D:3      | Slain by a gnoll

Skill      XL: |  1  2  3 |
---------------+----------+-----
Stealth        | 1 2 |  2.0
Fighting       | |  1.0
Dodging        | |  2.5
Unarmed Combat | |  3.3
Spellcasting   | |  2.4
Transmutations | |  2.5

Action                   |  1- 3 |  4- 6 || total
-------------------------+-------+-------++-------
Melee: Unarmed           |    75 |     2 ||    77
       Kick              |    16 |       ||    16
       Constrict         |    21 |       ||    21
       Tentacles         |    11 |       ||    11
       Punch             |     1 |       ||     1
 Cast: Beastly Appendage |    16 |     1 ||    17
  Use: Scroll            |       |     4 ||     4
 Stab: Sleeping          |     3 |       ||     3
  Eat: Chunk             |     2 |       ||     2
       Ration            |       |     1 ||     1
Armor: Skin              |     9 |       ||     9
Dodge: Dodged            |    38 |     2 ||    40
